AoeStats
← VALHALLA

Arena

509491457Analyzed
2v2 RM · 6d ago on Sep 27, 2026· 85m 19s· 4 players
Game mode
Random Map
Map size
Medium (4 player)
Population
200
Speed
Normal
Resources
Standard
Victory
Conquest
Starting age
Dark Age
Ending age
Imperial Age
RankedLock teamsTeams togetherTeam positionsShared explorationLock speedFull tech treeHidden civsTurbo modeCheats
Victory
Defeat
🇩🇪 Vietnamese · Germany
1557
+13
🇫🇷 Vikings · France
1529
+14
🇨🇴 Franks · Colombia
1539
-15
🇦🇷 Chinese · Argentina
1441
-12
[KT]CondorAndino
10:41 Feudal Age
11:43 Double-Bit Axe
14:23 Castle Age
15:40 Bow Saw
20:57 Wheelbarrow
22:21 Gold Mining
24:39 Gold Shaft Mining
23:51 Town Watch
27:52 Imperial Age
25:16 Stone Mining
26:19 Scale Barding Armor
28:34 Forging
28:38 Scale Barding Armor
27:56 Cavalier
29:48 Scale Barding Armor
31:07 Iron Casting
30:58 Loom
31:31 Hand Cart
32:42 Chain Barding Armor
33:12 Town Patrol
33:46 Fletching
34:21 Paladin
35:36 Bodkin Arrow
36:18 Fervor
36:59 Plate Barding Armor
37:56 Chemistry
39:00 Blast Furnace
38:01 Husbandry
37:56 Capped Ram
39:18 Siege Engineers
40:58 Conscription
41:17 Ballistics
41:37 Hoardings
40:26 Ordonnance Companies
41:40 Conscription
45:24 Caravan
45:49 Scale Mail Armor
45:52 Padded Archer Armor
47:03 Leather Archer Armor
47:04 Masonry
48:46 Elite Skirmisher
51:36 Coinage
51:53 Architecture
51:45 Ballistics
51:57 Architecture
54:26 Light Cavalry
57:11 Capped Ram
59:21 Banking
66:33 Fortified Wall
70:37 Treadmill Crane
VALHALLA
0:28 Loom
9:52 Feudal Age
14:41 Castle Age
12:53 Double-Bit Axe
13:58 Horse Collar
16:10 Bow Saw
22:19 Wheelbarrow
22:11 Heavy Plow
22:03 Gold Mining
23:31 Hand Cart
24:18 Stone Mining
29:59 Imperial Age
27:33 Fletching
28:39 Bodkin Arrow
29:07 Ballistics
28:53 Thumb Ring
30:40 Padded Archer Armor
30:03 Elite Chu Ko Nu
31:13 Conscription
30:55 Bracer
31:57 Two-Man Saw
32:00 Leather Archer Armor
33:54 Chemistry
34:19 Ring Archer Armor
35:15 Masonry
34:48 Capped Ram
36:11 Rocketry
35:41 Siege Ram
40:29 Architecture
41:13 Bombard Tower
43:08 Scale Barding Armor
43:08 Caravan
43:03 Light Cavalry
43:57 Forging
44:46 Bloodlines
44:36 Husbandry
46:13 Chain Barding Armor
46:29 Iron Casting
50:05 Elite Skirmisher
52:41 Plate Barding Armor
55:34 Blast Furnace
61:40 Town Watch
stroemming14
10:46 Feudal Age
14:36 Castle Age
12:43 Double-Bit Axe
13:17 Horse Collar
16:02 Bow Saw
15:52 Heavy Plow
19:51 Wheelbarrow
19:03 Loom
19:06 Town Watch
20:22 Stone Mining
21:40 Hand Cart
22:40 Gold Mining
28:26 Imperial Age
26:31 Fletching
27:22 Stone Shaft Mining
27:10 Padded Archer Armor
28:54 Ballistics
28:30 Bodkin Arrow
29:35 Bracer
30:37 Chemistry
30:47 Paper Money
31:06 Leather Archer Armor
31:44 Crop Rotation
32:14 Two-Man Saw
31:07 Pikeman
31:48 Scale Mail Armor
31:59 Forging
32:31 Squires
33:09 Chain Mail Armor
32:38 Halberdier
33:15 Elite Rattan Archer
34:04 Elite Skirmisher
34:49 Thumb Ring
35:00 Imperial Skirmisher
36:25 Ring Archer Armor
39:32 Plate Mail Armor
39:38 Iron Casting
39:20 Siege Engineers
42:54 Onager
51:28 Caravan
51:33 Capped Ram
69:32 Hoardings
72:20 Husbandry
TOM LE CHAMEAU
11:10 Feudal Age
12:05 Double-Bit Axe
14:49 Castle Age
12:59 Horse Collar
16:52 Bow Saw
17:17 Heavy Plow
21:28 Gold Mining
23:05 Gold Shaft Mining
23:05 Stone Mining
25:07 Scale Mail Armor
25:17 Forging
25:10 Squires
24:55 Arson
26:39 Chain Mail Armor
28:34 Iron Casting
27:49 Treadmill Crane
31:53 Imperial Age
29:09 Loom
30:03 Fletching
30:24 Masonry
30:11 Town Watch
30:06 Pikeman
31:42 Ballistics
33:07 Plate Mail Armor
33:01 Conscription
32:41 Bodkin Arrow
33:18 Chieftains
32:51 Elite Varangian Guard
35:07 Blast Furnace
35:24 Fortified Wall
35:38 Bracer
36:10 Architecture
36:30 Crop Rotation
37:05 Two-Man Saw
36:55 Town Patrol
40:28 Chemistry
40:44 Siege Engineers
43:59 Hoardings
52:30 Capped Ram
53:25 Siege Ram
60:21 Padded Archer Armor
60:35 Elite Skirmisher
61:35 Leather Archer Armor
61:18 Crossbowman
61:30 Imperial Skirmisher
62:46 Ring Archer Armor
Connection lost

Rejoining the realm…

Still unreachable

The connection could not be restored.

Session expired

The server has moved on; the page needs a fresh start.